 Dungeon Crawl Stone Soup version 0.30.0 (webtiles) character file.

Game seed: 14753412154688171906

174 NinjaNoafa the Sneak (level 5, -1/34 HPs)
             Began as an Octopode Conjurer on May 6, 2023.
             Was a Believer of Trog.
             Slain by a gnoll
             ... wielding a +1 flail of holy wrath
              (14 damage)
             ... on level 4 of the Dungeon.
             The game lasted 00:08:27 (2488 turns).

NinjaNoafa the Sneak (Octopode Conjurer)            Turns: 2488, Time: 00:08:28

Health: -1/34      AC:  1    Str:  6    XL:     5   Next: 54%
Magic:  8/8        EV: 14    Int: 22    God:    Trog [**....]
Gold:   80         SH:  0    Dex: 17    Spells: 5/8 levels left

rFire   . . .        a - +4 falchion
rCold   . . .        (no shield)
rNeg    . . .        (helmet restricted)
rPois   .            i - amulet of faith
rElec   .            p - +6 ring of dexterity
rCorr   .            (no ring)
SInv    .            (no ring)
Will    .....        (no ring)
Stlth   ++++         (no ring)
HPRegen 0.25/turn    (no ring)
MPRegen 0.11/turn    (no ring)
                     (no ring)

%: faith
@: no status effects
A: almost no armour, amphibious, 8 rings, camouflage 1, gelatinous body 1,
(nimble swimmer 1), tentacles
a: Renounce Religion, Berserk, Trog's Hand


You were on level 4 of the Dungeon.
You worshipped Trog.
Trog was pleased with you.
You visited 1 branch of the dungeon, and saw 4 of its levels.

You collected 80 gold pieces.

Inventory:

Hand Weapons
 a - a +4 falchion (weapon)
Missiles
 l - 14 poisoned darts
Jewellery
 i - an amulet of faith (around mantle)
 p - a +6 ring of dexterity (left tentacle)
Wands
 q - a wand of quicksilver (3)
Scrolls
 c - a scroll of amnesia {unknown}
 e - a scroll of vulnerability {unknown}
 g - 2 scrolls of teleportation {unknown}
 h - 2 scrolls of fog {unknown}
 k - a scroll of fear {unknown}
 o - 3 scrolls of identify {unknown}
Potions
 b - a potion of brilliance {unknown}
 d - a potion of magic
 f - 4 potions of curing {unknown}
 j - 2 potions of heal wounds {unknown}
 m - a potion of might {unknown}
 n - a potion of haste {unknown}


   Skills:
 + Level 1.6 Fighting
 + Level 1.0 Long Blades
 + Level 2.4 Dodging
 - Level 5.0 Stealth
 - Level 0.3 Unarmed Combat
 - Level 2.2 Spellcasting
 - Level 5.0 Conjurations


You had 5 spell levels left.
You knew the following spells:

 Your Spells              Type           Power      Damage    Failure   Level
a - Magic Dart            Conj           96%        1d7       1%          1
b - Searing Ray           Conj           48%        2d6       2%          2

Your spell library contained the following spells:

 Spells                   Type           Power      Damage    Failure   Level
 Necrotise                Necr           8%         1d4       14%         1
 Dazzling Flash           Conj/Hex       26%        N/A       14%         3
 Vampiric Draining        Necr           2%         2d6       38%         3
 Fulminant Prism          Conj/Hex       6%         3d7       43%         4
 Iskenderun's Mystic Bla  Conj/Tloc      13%        2d5       43%         4
 Agony                    Necr           2%         N/A       98%         5
 Summon Forest            Summ/Tloc      1%         N/A       98%         5
 Eringya's Noxious Bog    Tmut/Pois      1%         N/A       100%        6
 Summon Hydra             Summ           1%         N/A       100%        7


Dungeon Overview and Level Annotations

Branches:
Dungeon (4/15) Zot: 21503
 Temple: D:4-7

Altars:
Trog
Uskayaw

Annotations:
D:4 Duvessa


Innate Abilities, Weirdness & Mutations

You cannot wear most types of armour.
You are amphibious.
You can wear up to eight rings at the same time.
Your skin changes colour to match your surroundings (Stealth+).
Your rubbery body absorbs attacks. (AC +1, EV +1)
((You are camouflaged when in or above water. (Stealth+)))
You have tentacles for arms and can constrict up to eight enemies at once.


Message History

Found a scroll labelled MANOANAIXI. 2 gnolls come into view.
A gnoll is wielding a +1 flail of holy wrath.
The gnoll shouts! x2
A gnoll comes into view. It is wielding a +0 club.
Okay, then.
The gnoll attacks as you move away! The gnoll hits you with a +0 club!
Okay, then.
Unknown command.
Unknown command.
Unknown command.
Found a scroll labelled AHOECSEXKA.
You hit the gnoll. You grab the gnoll.
The gnoll is moderately wounded.
You constrict the gnoll, but do no damage.
The gnoll hits you with a +0 club. The gnoll misses you.
You hit the gnoll but do no damage.
The gnoll is moderately wounded.
You constrict the gnoll. The gnoll barely misses you.
Okay, then.
You hit the gnoll.
The gnoll is heavily wounded.
You constrict the gnoll. The gnoll hits you with a +0 club!
You hit the gnoll.
The gnoll is almost dead.
You constrict the gnoll. The gnoll misses you.
You barely miss the gnoll. Your squeeze misses the gnoll.
The gnoll is almost dead.
You constrict the gnoll.
You kill the gnoll!
Trog accepts your kill.
You can now call upon Trog for regeneration and willpower.
The gnoll hits you with a +1 flail of holy wrath!
* * * LOW HITPOINT WARNING * * *
Your Long Blades skill increases to level 1!
Unknown command.
Unknown command.
You barely miss the gnoll. You grab the gnoll. You constrict the gnoll.
The gnoll hits you with a +1 flail of holy wrath!
You die...

.....!.....#.........
..........##........
................e.
#................
#................
#................
#.....<.....#
?..###.###.......##.
.......@g...........#
..?......######..##....#..#
#....... ##...###.......# #
#.....# #..#.# #....#.##
..#.....#####g...# ...###.#
#.......#......### ..## #
##.............#.. ..#
#..#.............# ##
#.#.................


You could see a gnoll.

Vanquished Creatures
  An orc priest (D:3)
  Jessica (D:2)
  A gnoll (D:4)
  2 adders (D:2)
  A worm (D:3)
  2 dart slugs
  5 orcs (D:3)
  3 endoplasms
  6 giant cockroaches
  2 goblins (D:3)
  9 hobgoblins
  4 jackals (D:2)
  6 quokkas
  7 ball pythons
  8 bats
  4 frilled lizards
  10 kobolds
  3 rats
75 creatures vanquished.

Notes
Turn   | Place    | Note
-------+----------+-------------------------------------------
     0 | D:1      | NinjaNoafa the Octopode Conjurer began the quest for the
                  | Orb.
     0 | D:1      | Reached XP level 1. HP: 11/11 MP: 3/3
    58 | D:1      | Reached XP level 2. HP: 17/17 MP: 1/5
    65 | D:1      | Learned a level 2 spell: Searing Ray
   239 | D:1      | Reached XP level 3. HP: 21/21 MP: 0/6
  1162 | D:2      | Noticed Jessica
  1167 | D:2      | Killed Jessica
  1168 | D:2      | Reached XP level 4. HP: 27/27 MP: 3/7
  1198 | D:2      | Reached skill level 5 in Stealth
  1230 | D:2      | Reached skill level 5 in Conjurations
  1452 | D:2      | Found a faded altar of an unknown god.
  1475 | D:2      | Prayed at the altar of an unknown god.
  1475 | D:2      | Became a worshipper of Trog the Wrathful
  1475 | D:2      | Reached * piety under Trog
  1701 | D:3      | Reached skill level 1 in Fighting
  1713 | D:3      | Reached XP level 5. HP: 6/33 MP: 8/8
  2012 | D:3      | Found a hide-covered altar of Uskayaw.
  2453 | D:4      | Noticed Duvessa
  2487 | D:4      | Reached ** piety under Trog
  2488 | D:4      | Reached skill level 1 in Long Blades
  2488 | D:4      | Slain by a gnoll

Illustrated notes

Levels and vault maps discovered:
D:1:      minmay_arrival_radiant_lines, layout_basic, kennysheep_flooded_box
D:2:      layout_loops_ring, shapermc_ecumenical_altar_mp_highgroup,
          minivault_5, fountainhead, chequers_serial_rivers_micro_b,
          uniq_jessica
D:3:      layout_basic, nicolae_uskayaw_dance_hall
D:4:      layout_rooms, uniq_duvessa, uniq_eustachio

Skill      XL: |  1  2  3  4  5 |
---------------+----------------+-----
Stealth        | 3 4 5 |  5.0
Conjurations   | 5 |  5.0
Fighting       | 1 |  1.6
Long Blades    | 1 |  1.0
Dodging        | |  2.4
Unarmed Combat | |  0.3
Spellcasting   | |  2.2

Action                     |  1- 3 |  4- 6 || total
---------------------------+-------+-------++-------
  Melee: Unarmed           |     6 |    42 ||    48
         Constrict         |    10 |    22 ||    32
         Short sword       |    34 |    20 ||    54
         Tentacles         |     8 |    13 ||    21
         Punch             |       |     1 ||     1
         Falchion          |       |    18 ||    18
   Cast: Magic Dart        |    21 |     3 ||    24
         Searing Ray       |     7 |     6 ||    13
 Invoke: Berserk           |       |     1 ||     1
   Stab: Sleeping          |     9 |     6 ||    15
 Armour: Skin              |     4 |    12 ||    16
  Dodge: Dodged            |    29 |    59 ||    88
